 Dungeon Crawl Stone Soup version 0.23.1 (webtiles) character file.

Game seed: 17823485841527401026

68 Borgoz the Sneak (level 4, -2/35 HPs)
             Began as a Ghoul Enchanter on Mar 13, 2019.
             Killed from afar by an orc wizard (9 damage)
             ... with a magic dart
             ... on level 2 of the Dungeon.
             The game lasted 00:05:58 (3297 turns).

Borgoz the Sneak (Ghoul Enchanter)                  Turns: 3297, Time: 00:05:58

Health: -2/35      AC:  2    Str: 11    XL:     4   Next: 19%
Magic:  2/6        EV: 12    Int: 10    God:
Gold:   78         SH:  0    Dex: 10    Spells: 4/7 levels left

rFire    . . .     SeeInvis .   a - +1 dagger
rCold    + . .     Gourm    .   (no shield)
rNeg     + + +     Faith    .   b - +0 robe
rPois    ∞         Spirit   .   (no helmet)
rElec    .         Reflect  .   (no cloak)
rCorr    .         Harm     .   (no gloves)
MR       .....                  (no boots)
Stlth    ++........             (no amulet)
HPRegen  0.00/turn              (no ring)
MPRegen  0.10/turn              (no ring)

@: very slightly contaminated, rotting
A: rotting body, claws 1, carnivore, cold resistance 1, negative energy
resistance 3, inhibited regeneration, torment resistance, unbreathing
a: no special abilities


You were on level 2 of the Dungeon.
You were not hungry.

You visited 1 branch of the dungeon, and saw 4 of its levels.

You collected 78 gold pieces.

Inventory:

Hand Weapons
 a - a +1 dagger (weapon)
Missiles
 e - 4 javelins (quivered)
 k - 3 exploding tomahawks
Armour
 b - a +0 robe (worn)
Scrolls
 c - a scroll of remove curse
 g - a scroll of amnesia
 h - a scroll of enchant weapon
 i - a scroll of fog {unknown}
Comestibles
 d - 5 rations


   Skills:
 + Level 1.0 Fighting
 * Level 1.6 Short Blades
 * Level 1.3 Armour
 + Level 2.0 Dodging
 + Level 3.6 Stealth
 + Level 2.0 Spellcasting
 * Level 2.8 Hexes


You had 4 spell levels left.
You knew the following spells:

 Your Spells              Type           Power        Failure   Level  Hunger
a - Corona                Hex            #......      10%         1    ##.....
b - Ensorcelled Hibernat  Hex/Ice        #.....       26%         2    ###....

Your spell library contained the following spells:

 Spells                   Type           Power        Failure   Level  Hunger
 Confuse                  Hex            #.......     30%         3    ####...
 Tukima's Dance           Hex            #.......     30%         3    ####...
 Dazzling Spray           Conj/Hex       #.....       45%         3    ####...


Dungeon Overview and Level Annotations

Branches:
Dungeon (4/15)
 Temple: D:4-7

Altars:

Annotations:
D:2 Natasha


Innate Abilities, Weirdness & Mutations

Your body is rotting away.
You thrive on raw meat.
You are immune to poison.
You have sharp fingernails.
You are carnivorous and can eat meat at any time.
Your flesh is cold resistant. (rC+)
You are immune to negative energy. (rN+++)
You do not regenerate when monsters are visible.
You are immune to unholy pain and torment.
You can survive without breathing.


Message History

You aren't carrying any potions.
Okay, then.
Casting: Ensorcelled Hibernation (safe; 26% risk of failure)
Confirm with . or Enter, or press ? or * to list all spells.
Aiming: Ensorcelled Hibernation (safe; 26% risk of failure)
Press: ? - help, Shift-Dir - straight line, f - orc wizard
Aim: an orc wizard, wielding a +0 dagger and wearing a +0 robe (moderately wounded, chance to defeat MR: 35%)
You miscast Ensorcelled Hibernation.
You are very lightly contaminated with residual magic.
A chill runs through your body.
The orc wizard hits you but does no damage.
Casting: Ensorcelled Hibernation (safe; 26% risk of failure)
Confirm with . or Enter, or press ? or * to list all spells.
Aiming: Ensorcelled Hibernation (safe; 26% risk of failure)
Press: ? - help, Shift-Dir - straight line, f/p - orc wizard
Aim: an orc wizard, wielding a +0 dagger and wearing a +0 robe (moderately wounded, chance to defeat MR: 35%)
You miscast Ensorcelled Hibernation.
You feel a strange surge of energy!
The orc wizard gestures at you while chanting.
The magic dart hits you!
You die...

#......... #..####...
###### #######...####.
#....# #...####....###
#....####...#>........#
#.(......(..####......#
#..###<###(.# ##....###
##########.####...####.
#....o@#.....##.####...
#..#####(....##........
##.# #.(...#########.
#.#####.(...# ..
#......(....# ##.
#..########## #. ####
#. #.


You could see an orc wizard.

Vanquished Creatures
  An adder (D:3)
  A worm (D:2)
  2 dart slugs
  A leopard gecko (D:1)
  2 orcs
  A ball python (D:2)
  A giant cockroach (D:3)
  4 goblins
  9 hobgoblins
  6 kobolds
  A quokka (D:3)
  7 bats
  3 frilled lizards (D:1)
  8 rats
47 creatures vanquished.

Vanquished Creatures (others)
  An orc (D:3)
1 creature vanquished.

Grand Total: 48 creatures vanquished

Notes
Turn   | Place    | Note
-------+----------+-------------------------------------------
     0 | D:1      | Borgoz the Ghoul Enchanter began the quest for the Orb.
     0 | D:1      | Reached XP level 1. HP: 14/14 MP: 2/2
    17 | D:1      | Reached skill level 1 in Short Blades
   483 | D:1      | Reached XP level 2. HP: 19/20 MP: 3/3
   487 | D:1      | Learned a level 2 spell: Ensorcelled Hibernation
  1362 | D:1      | Reached XP level 3. HP: 24/27 MP: 4/4
  1748 | D:2      | Reached skill level 1 in Armour
  2464 | D:2      | Noticed Natasha
  2866 | D:4      | Noticed a centaur
  2906 | D:3      | Reached skill level 1 in Fighting
  2979 | D:3      | Reached XP level 4. HP: 29/34 MP: 6/6
  3297 | D:2      | Killed from afar by an orc wizard

Skill      XL: |  1  2  3  4 |
---------------+-------------+-----
Short Blades   | 1 |  1.6
Armour         | 1 |  1.3
Spellcasting   | 2 |  2.0
Fighting       | 1 |  1.0
Dodging        | 2 |  2.0
Stealth        | |  3.6
Hexes          | |  2.8

Action                   |  1- 3 |  4- 6 || total
-------------------------+-------+-------++-------
Melee: Dagger            |   211 |    17 ||   228
 Cast: Ensorcelled Hiber |     1 |       ||     1
  Use: Scroll            |     4 |     1 ||     5
       Potion            |     3 |       ||     3
 Stab: Sleeping          |     7 |       ||     7
       Distracted        |     1 |       ||     1
  Eat: Chunk             |    17 |     1 ||    18
Armor: Robe              |    56 |     3 ||    59
Dodge: Dodged            |   144 |    12 ||   156
